 Dungeon Crawl Stone Soup version 0.21.0-24-g2553a33 (webtiles) character file.

102 Gorglomux the Skirmisher (level 4, -6/29 HPs)
             Began as a Gargoyle Fighter on Jan 20, 2018.
             Mangled by an orc warrior
             ... wielding a +0 long sword
              (13 damage)
             ... on level 2 of the Dungeon.
             The game lasted 00:00:47 (1206 turns).

Gorglomux the Skirmisher (Gargoyle Fighter)         Turns: 1206, Time: 00:00:47

Health: -6/29      AC: 10    Str: 20    XL:     4   Next: 78%
Magic:  4/4        EV:  7    Int:  7    God:    Xom [*.....]
Gold:   54         SH: 13    Dex:  9    Spells: 3/3 levels left

rFire    . . .     SeeInvis .   a - +0 war axe
rCold    . . .     Gourm    .   c - +0 shield
rNeg     + . .     Faith    .   b - +0 scale mail
rPois    ∞         Spirit   .   (no helmet)
rElec    +         Reflect  .   (no cloak)
rCorr    .         Harm     .   (no gloves)
MR       .....                  (no boots)
Stlth    ..........             (no amulet)
HPRegen  0.09/turn              (no ring)
MPRegen  0.09/turn              (no ring)

@: no status effects
A: big wings, talons 1, large bone plates 1, dopey 1, negative energy resistance
1, electricity resistance, unbreathing, petrification resistance, rot immunity,
AC +3
a: Fly, Renounce Religion


You were on level 2 of the Dungeon.
You worshipped Xom.
You were a special plaything of Xom.
You were not hungry.

You visited 1 branch of the dungeon, and saw 2 of its levels.

You collected 54 gold pieces.

Inventory:

Hand Weapons
 a - a +0 war axe (weapon)
Armour
 b - a +0 scale mail (worn)
 c - a +0 shield (worn)
Scrolls
 h - a scroll of enchant weapon {unknown}
Potions
 d - a potion of might
Comestibles
 f - 3 rations
 i - a chunk of flesh


   Skills:
 + Level 4.1 Fighting
 + Level 2.6 Axes
 + Level 4.0 Armour
 + Level 4.0 Shields


You had 3 spell levels left.
You didn't know any spells.

Dungeon Overview and Level Annotations

Branches:
Dungeon (2/15)

Altars:
Xom


Innate Abilities, Weirdness & Mutations

You are resistant to torment.
Your stone body is resilient. (AC +3)
You are immune to poison.
You resist negative energy. (rN+)
You are resistant to electric shocks. (rElec)
You can survive without breathing.
You are immune to petrification.
You are immune to rotting.
Your large and strong wings let you fly indefinitely.
You have sharp toenails.
You are partially covered in large bone plates. (SH +4)
You are dopey. (Int -2)


Message History

The goblin barely misses you!
A quokka zombie comes into view!
You are too injured to fight recklessly!!!
You are too injured to fight recklessly!!!
You are too injured to fight recklessly!!! "Hum-dee-hum-dee-hum!!!"
The orc is charmed!
You are now a special plaything of Xom!
The adder barely misses butt's butt!
Your orc barely misses the goblin!
Your orc hits butt with a hand axe! Something closely misses your orc!
Xom's power touches on a nearby monster!
The orc warrior seems to speed up!
Your orc closely misses the goblin!
Your orc barely misses something!
A puff of flame appears from out of thin air!!!
The puff of flame hits your orc!
Your orc dies!!!
The orc warrior hits you with a long sword!!! rip Xom bursts into laughter!!!

####.# #........# #.....#
....(####........#####.....######
.....(((().............).........
#########........################
# #........# # ####.####### #
#.......# #.......# #....@..# ..
#....o..###.... #..............
#....g..#...... #.......#......
#.#####.# ..... #. #)# ..... #
###.# .... #...# ####


You could see an orc warrior and a goblin.

Vanquished Creatures
  An orc wizard (D:1)
  Robin (D:2)
  An ooze (D:1)
  5 dart slugs
  2 leopard geckos (D:1)
  An orc (D:2)
  3 bats
  A giant cockroach (D:1)
  8 hobgoblins
  5 kobolds
  2 frilled lizards (D:1)
  8 goblins
  8 rats
46 creatures vanquished.

Vanquished Creatures (others)
  An orc (D:2)
1 creature vanquished.

Grand Total: 47 creatures vanquished

Notes
Turn   | Place    | Note
-------+----------+-------------------------------------------
     0 | D:1      | Gorglomux the Gargoyle Fighter began the quest for the Orb.
     0 | D:1      | Reached XP level 1. HP: 14/14 MP: 1/1
   121 | D:1      | Reached XP level 2. HP: 19/19 MP: 2/2
   355 | D:1      | Reached XP level 3. HP: 16/24 MP: 3/3
   855 | D:2      | Noticed an orc warrior
   866 | D:1      | Gained mutation: Your large and strong wings let you fly indefinitely. [potion of mutation]
   866 | D:1      | Gained mutation: You are partially covered in large bone plates. (SH +4) [potion of mutation]
   866 | D:1      | Gained mutation: You are dopey. (Int -2) [potion of mutation]
   866 | D:1      | Gained mutation: You have sharp toenails. [potion of mutation]
   869 | D:1      | Reached XP level 4. HP: 17/29 MP: 4/4
   911 | D:2      | Found a shimmering altar of Xom.
   913 | D:2      | Noticed Robin
   924 | D:2      | Killed Robin
   937 | D:2      | Became a worshipper of Xom of Chaos
  1197 | D:2      | XOM: enchant monster (good)
  1204 | D:2      | XOM: enchant monster (bad)
  1206 | D:2      | Mangled by an orc warrior

Skill      XL: |  1  2  3  4 |
---------------+-------------+-----
Axes           | 2 |  2.6
Fighting       | 4 |  4.1
Armour         | 4 |  4.0
Shields        | 4 |  4.0

Action                   |  1- 3 |  4- 6 || total
-------------------------+-------+-------++-------
Melee: War axe           |   101 |    28 ||   129
       Kick              |       |     9 ||     9
  Use: Potion            |     2 |       ||     2
  Eat: Chunk             |       |     1 ||     1
Armor: Scale mail        |    75 |    30 ||   105
Dodge: Dodged            |    25 |    12 ||    37
Block: Shield            |    37 |    40 ||    77
